 Dungeon Crawl Stone Soup version 0.30-b1-2-g02819fbbbe (webtiles) character file.

Game seed: 16068372869927270593

8 Alarkh the Vexing (level 2, 21/21 HPs)
             Began as a Demonspawn Hexslinger on July 9, 2023.
             Got out of the dungeon alive.
             The game lasted 00:00:15 (181 turns).

Alarkh the Vexing (Demonspawn Hexslinger)            Turns: 181, Time: 00:00:16

Health: 21/21      AC:  2    Str: 10    XL:     2   Next: 0%
Magic:  3/3        EV: 12    Int: 14    God:
Gold:   11         SH:  0    Dex: 13    Spells: 2/3 levels left

rFire   . . .        a - +1 sling
rCold   . . .        (no shield)
rNeg    . . .        c - +0 robe
rPois   .            (no helmet)
rElec   .            (no cloak)
rCorr   .            (no gloves)
SInv    .            (no boots)
Will    .....        (no amulet)
Stlth   +            (no ring)
HPRegen 0.23/turn    (no ring)
MPRegen 0.16/turn

%: no passive effects
@: no status effects
A: magic regeneration
a: no special abilities


You escaped.
You visited 1 branch of the dungeon, and saw 1 of its levels.

You collected 11 gold pieces.

Inventory:

Hand Weapons
 a - a +1 sling (weapon)
 f - a +1 dagger of flaming
Armour
 c - a +0 robe (worn)
Scrolls
 b - a scroll of poison
 d - a scroll of identify {unknown}
 e - a scroll of brand weapon {unknown}
Potions
 g - a potion of haste {unknown}
 h - a potion of curing {unknown}
 i - a potion of degeneration {unknown}
 j - a potion of lignification {unknown}


   Skills:
 + Level 1.3 Fighting
 * Level 2.2 Ranged Weapons
 - Level 1.7 Dodging
 - Level 1.0 Spellcasting
 - Level 3.0 Hexes


You had 2 spell levels left.
You knew the following spells:

 Your Spells              Type           Power      Damage    Failure   Level
a - Slow                  Hex            36%        N/A       8%          1

Your spell library contained the following spells:

 Spells                   Type           Power      Damage    Failure   Level
 Inner Flame              Hex/Fire       4%         N/A       38%         3
 Portal Projectile        Hex/Tloc       8%         N/A       38%         3
 Cause Fear               Hex            4%         N/A       58%         4


Dungeon Overview and Level Annotations

Branches:
Dungeon (1/15)

Altars:

Shops:
D:1 ?


Innate Abilities, Weirdness & Mutations

You regenerate magic rapidly.


Message History

You shoot a sling bullet. The sling bullet hits the kobold.
The kobold is moderately wounded.
You shoot a sling bullet. The sling bullet hits the kobold.
The kobold is severely wounded.
You shoot a sling bullet. The sling bullet hits the kobold.
You kill the kobold!
No target in view!
You open the door.
There is an open door here.
h - an orange potion
i - a coppery potion
j - a clear potion A quokka comes into view.
A quokka is nearby!
A quokka is nearby!
You shoot a sling bullet. The sling bullet hits the quokka.
The quokka is lightly wounded.
You shoot a sling bullet. The sling bullet misses the quokka.
The quokka closely misses you.
You shoot a sling bullet. The sling bullet hits the quokka.
You kill the quokka!
No target in view!
You see here a quokka corpse.
A quokka comes into view.
A quokka is nearby!
A quokka is nearby!
You shoot a sling bullet. The sling bullet hits the quokka.
The quokka is severely wounded.
You shoot a sling bullet. The sling bullet hits the quokka.
You kill the quokka!
You have reached level 2!
Your demonic ancestry asserts itself...
Your magic begins to regenerate rapidly.
Unknown command.
You see here a quokka corpse.
There is an open door here.
There is an open gate here.
There is a staircase leading out of the dungeon here.
Are you sure you want to leave the Dungeon?
This will make you lose the game!
You have escaped!

≈≈≈~....♣#.# #...#.# #..........
≈≈~~....♣#.# #...#.# #..###.##..
≈~~.....P#.####...#.# #..# #.##..
≈≈.......#.........∩###..###.##..
≈~≈~....P#. .................##..
≈≈~.....♣##############..........
≈≈~......♣P.P.♣ #.####.##..
≈~~~..........♣♣♣♣ #.. ......
≈≈≈....P.♣.....♣@♣ #### ...
≈≈~≈.[..........P♣
≈≈≈≈~............♣
≈≈≈≈≈~...........♣
≈≈≈≈≈~~~~..~~..♣♣♣
≈≈≈≈≈≈≈≈~~~≈≈~~≈≈
≈≈≈≈≈≈≈≈≈~≈≈≈≈≈≈ ≈≈≈≈≈≈≈≈≈≈≈≈≈≈≈≈
###############


There were no monsters in sight!

Vanquished Creatures
  2 hobgoblins (D:1)
  2 kobolds (D:1)
  2 quokkas (D:1)
  A ball python (D:1)
7 creatures vanquished.

Notes
Turn   | Place    | Note
-------+----------+-------------------------------------------
     0 | D:1      | Alarkh the Demonspawn Hexslinger began the quest for the
                  | Orb.
     0 | D:1      | Reached XP level 1. HP: 15/15 MP: 2/2
    45 | D:1      | Found Dojoowin's Magic Scroll Shoppe.
   116 | D:1      | Gained mutation: You regenerate magic rapidly. [demonic
                  | ancestry]
   116 | D:1      | Reached XP level 2. HP: 21/21 MP: 3/3
   181 | D:$      | Got out of the dungeon alive.

Illustrated notes

Levels and vault maps discovered:
D:1:      kennysheep_arrival_seaside, layout_basic,
          ebering_ecumenical_altar_rust, serial_shops,
          nicolae_shop_behind_doors, shop, shop

Skill      XL: |  1 |
---------------+----+-----
Ranged Weapons | 2 |  2.2
Fighting       | |  1.3
Dodging        | |  1.7
Spellcasting   | |  1.0
Hexes          | |  3.0

Action                     || total
---------------------------++-------
   Fire: Sling             ||    13
  Dodge: Dodged            ||     1
